 Dungeon Crawl Stone Soup version 0.31-a0-43-g46d131a48f (webtiles) character file.

Game seed: 9887627917669288895

155535 ytrimaz the Geomancer (level 17, -2/223 HPs)
             Began as a Troll Transmuter on May 18, 2023.
             Was an Elder of Ashenzari.
             Slain by ytrimaz's illusion (illusionary) (21 damage)
             ... woven by Mara
             ... on level 3 of the Spider Nest.
             The game lasted 00:48:09 (26808 turns).

ytrimaz the Geomancer (Troll Transmuter)           Turns: 26808, Time: 00:48:10

Health: -2/223     AC: 31    Str: 22    XL:     17   Next: 8%
Magic:  29/40      EV: 14    Int: 20    God:    Ashenzari [****..]
Gold:   3677       SH:  0    Dex: 10    Spells: 24/37 levels left

rFire   . .          .
                       - Unarmed
rCold   + . .        (no shield)
rNeg    + . .        b - melded +1 robe of Vines {NoPotionHeal Regen++++, Elem, Self} (curse)
rPois   ∞            g - +3 hat of Pondering {ponderous, Will+ MP+10 Int+5, Melee, Cun} (curse)
rElec   +            P - +0 cloak "Bound Together" {Evo, Self} (curse)
rCorr   .            (gloves unavailable)
SInv    +            (boots unavailable)
Will    +++..        o - amulet of Ashenzari's Gnosis {Regen+, Cun, Alch} (curse)
Stlth   +            e - ring of willpower
HPRegen 2.17/turn    k - ring of the Unmoving One {rC+, Elem, Cun} (curse)
MPRegen 0.27/turn

%: clarity
@: statue-form, liquefying, spiked, slowed movement, very slow
A: slow and powerful, torment resistance 1, boosted hp, large, unfitting armour,
claws 3, regeneration 1, (shaggy fur 1), (tough skin 1)
a: End Transformation, Renounce Religion, Curse Item, Shatter the Chains


You were on level 3 of the Spider Nest.
You worshipped Ashenzari.
Ashenzari was greatly pleased with you.
You were a living statue of rough stone.
You visited 5 branches of the dungeon, and saw 26 of its levels.
You also visited: Ossuary, Ice Cave and Volcano.

You collected 3677 gold pieces.


Innate Abilities, Weirdness & Mutations

You are a living statue of rough stone.
Your actions are slow, but your melee attacks are powerful.
You are resistant to unholy torment.
Your maximum health is greatly increased.
You are immune to poison.
Your equipment is partially melded.
You are too large for most types of armour.
You have claws for hands.
Your natural rate of healing is unusually fast.
((You are covered in fur. (AC +1)))
((You have tough skin. (AC +1)))


   Skills:
 - Level 10.0(11.8) Fighting
 + Level 9.7(13.3) Dodging
 - Level 12.0(13.7) Unarmed Combat
 - Level 8.7(10.5) Spellcasting
 - Level 11.5(13.2) Transmutations
 - Level 13.5(15.3) Earth Magic
 + Level 4.7(6.4) Evocations


You had 24 spell levels left.
You knew the following spells:

 Your Spells              Type           Power      Damage    Failure   Level
a - Beastly Appendage     Tmut           100%       N/A       1%          1
b - Wereblood             Tmut           59%        N/A       1%          2
c - Statue Form           Tmut/Erth      40%        N/A       2%          6
d - Leda's Liquefaction   Hex/Erth       20%        N/A       2%          4

Your spell library contained the following spells:

 Spells                   Type           Power      Damage    Failure   Level
 Spider Form              Tmut/Pois      37%        N/A       1%          3
 Lee's Rapid Deconstruct  Erth           32%        3d16*     1%          5
 Ignite Poison            Fire/Tmut/Pois 28%        N/A       3%          3
 Ice Form                 Ice/Tmut       37%        N/A       4%          4
 Foxfire                  Conj/Fire      44%        2x1d6     6%          1
 Shock                    Conj/Air       44%        1d5       6%          1
 Apportation              Tloc           20%        N/A       7%          1
 Magic Dart               Conj           40%        1d5       7%          1
 Summon Small Mammal      Summ           40%        N/A       7%          1
 Call Imp                 Summ           20%        N/A       10%         2
 Ensorcelled Hibernation  Hex/Ice        22%        N/A       10%         2
 Alistair's Intoxication  Tmut/Pois      24%        N/A       12%         5
 Inner Flame              Hex/Fire       11%        N/A       19%         3
 Mephitic Cloud           Conj/Pois/Air  11%        N/A       19%         3
 Swiftness                Air            11%        N/A       19%         3
 Dazzling Flash           Conj/Hex       20%        N/A       21%         3
 Iron Shot                Conj/Erth      20%        9d5       41%         6
 Airstrike                Air            5%         2d(1-17)  52%         4
 Flame Wave               Conj/Fire      11%        2d6       52%         4
 Olgreb's Toxic Radiance  Pois           11%        N/A       52%         4
 Sticky Flame             Conj/Fire      11%        2d3       52%         4
 Anguish                  Hex/Necr       5%         N/A       54%         4
 Eringya's Noxious Bog    Tmut/Pois      18%        N/A       54%         6
 Fireball                 Conj/Fire      5%         3d5       86%         5
 Silence                  Hex/Air        5%         N/A       86%         5
 Agony                    Necr           10%        N/A       88%         5
 Iskenderun's Battlesphe  Conj           10%        2d6       88%         5
 Summon Forest            Summ/Tloc      5%         N/A       88%         5
 Plasma Beam              Fire/Air       5%         2x1d17    100%        6
 Starburst                Conj/Fire      5%         6d4       100%        6
 Spellforged Servitor     Conj/Summ      5%         N/A       100%        7
 Summon Hydra             Summ           5%         N/A       100%        7
 Discord                  Hex            5%         N/A       100%        8
 Ignition                 Fire           5%         3d4       100%        8

Inventory:

Missiles
 I - 4 throwing nets
Armour
 b - the cursed +1 robe of Vines (melded) {NoPotionHeal Regen++++, Elem, Self}
   (You found it on level 1 of the Lair of Beasts)

   NoPotionHeal: Its wearer cannot be healed by potions.
   Regen:     It increases your rate of health regeneration.
   It has a curse which improves the following skills: Elements: Fire Magic, Ice
   Magic, Air Magic and Earth Magic.
   Introspection: Fighting and Spellcasting.
 g - the cursed +3 hat of Pondering (worn) {ponderous, Will+ MP+10 Int+5, Melee, Cun}
   (You found it on level 14 of the Dungeon)

   Int:       It affects your intelligence (+5).
   MP:        It affects your magic capacity (+10).
   Will:      It increases your willpower.
   It has a curse which improves the following skills: Melee Combat: Short
   Blades, Long Blades, Axes, Maces & Flails, Polearms, Staves and Unarmed
   Combat.
   Cunning:   Dodging and Stealth.
 t - a +2 robe of fire resistance
   (You took it off Jessica on level 2 of the Dungeon)
 A - +0 acid dragon scales
   (You took it off Maggie on level 6 of the Dungeon)
 P - the cursed +0 cloak "Bound Together" (worn) {Evo, Self}
   (You found it on level 9 of the Dungeon)

   It has a curse which improves the following skills: Evocations: Evocations.
   Introspection: Fighting and Spellcasting.
 U - a +1 cloak of stealth
   (You found it in an ice cave)
Jewellery
 e - a ring of willpower (left claw)
   (You found it on level 1 of the Dungeon)
 k - the cursed ring of the Unmoving One (right claw) {rC+, Elem, Cun}
   (You found it on level 5 of the Dungeon)

   [ring of protection from cold]

   rC:        It protects you from cold.
   It has a curse which improves the following skills: Elements: Fire Magic, Ice
   Magic, Air Magic and Earth Magic.
   Cunning:   Dodging and Stealth.
 o - the cursed amulet of Ashenzari's Gnosis (around neck) {Regen+, Cun, Alch}
   (You found it on level 2 of the Dungeon)

   [amulet of regeneration]

   Regen:     It increases your rate of health regeneration.
   It has a curse which improves the following skills: Cunning: Dodging and
   Stealth.
   Alchemy:   Poison Magic and Transmutations.
 r - an amulet of faith
   (You found it on level 2 of the Dungeon)
 z - a +6 ring of intelligence
   (You found it on level 1 of the Spider Nest)
 J - an amulet of guardian spirit
   (You found it in an ice cave)
 L - a ring of willpower
   (You found it on level 8 of the Dungeon)
 O - the amulet "Xit God" {Faith -Tele rCorr Int+5}
   (You found it on level 9 of the Dungeon)

   [amulet of faith]

   It allows you to gain divine favour quickly.
   Int:       It affects your intelligence (+5).
   -Tele:     It prevents most forms of teleportation.
   rCorr:     It protects you from acid and corrosion.
 S - a ring of flight
   (You found it in an ice cave)
 T - a ring of protection from cold
   (You found it in an ice cave)
 W - an amulet of reflection
   (You found it on level 5 of the Lair of Beasts)
Wands
 i - a wand of digging (3)
   (You took it off Maggie on level 6 of the Dungeon)
 y - a wand of flame (74)
   (You found it on level 3 of the Dungeon)
 E - a wand of mindburst (15) (quivered)
   (You found it on level 5 of the Dungeon)
 F - a wand of paralysis (18)
   (You found it on level 7 of the Dungeon)
 G - a wand of acid (13)
   (You found it on level 7 of the Dungeon)
 K - a wand of roots (10)
   (You found it on level 11 of the Dungeon)
 M - a wand of polymorph (6)
   (You found it on level 3 of the Lair of Beasts)
Scrolls
 c - 6 scrolls of amnesia
 f - 9 scrolls of fog
 h - 2 scrolls of magic mapping
 l - 4 scrolls of enchant armour
 m - 4 scrolls of vulnerability
 n - a scroll of blinking
 p - 7 scrolls of poison
 q - 4 scrolls of immolation
 x - 6 scrolls of enchant weapon
 C - 14 scrolls of teleportation
 H - a scroll of brand weapon
 N - 2 scrolls of noise
 R - a scroll of acquirement
 V - a scroll of silence
Potions
 a - 9 potions of brilliance
 d - 4 potions of degeneration
 j - 11 potions of curing
 s - 4 potions of flight
 u - 3 potions of resistance
 v - a potion of magic
 w - 2 potions of haste
 B - 6 potions of attraction
 D - 5 potions of mutation
 X - 2 potions of might
 Y - 11 potions of ambrosia
 Z - 2 potions of lignification

Dungeon Overview and Level Annotations

Branches:
Dungeon (15/15) Zot: 25357 Temple (1/1) D:6 Zot: 5959 Lair (5/5) D:8 Zot: 23663 Swamp (0/4) Lair:3 Spider (3/4) Lair:2 Zot: 14261 Slime (0/5) Lair:5 Orc (2/2) D:11 Zot: 9260 Elf (0/3) Orc:2 Vaults (0/5) D:13 D:14 Depths (0/4) D:15 Ossuary (visited) IceCv (visited) Volcano (visited)

Altars:
Ashenzari
Cheibriados
Dithmenos
Elyvilon
Fedhas
Gozag
Hepliaklqana
Kikubaaqudgha
Makhleb
Nemelex Xobeh
Okawaru
Qazlal
Ru
Sif Muna
Trog
Uskayaw
Vehumet
Wu Jian
Xom
Yredelemnul
Zin
The Shining One

Shops:
D:2 [   D:4 !   Orc:2 ?[[:(

Annotations:
D:6 1 runed translucent door, Crazy Yiuf
Lair:2 3 runed translucent doors, patfeehan111222's ghost, journeyman DsBe
Spider:3 3 runed translucent doors, Goxo's ghost, adept OpCj; Mara

* *, #....** * #.... * * .R...#*
* ......* ,, #...^.###### , ,,,
*##...^..#^###### ,,,,
,,,,.#....ys.......^# ,,,
.§....w8........# *,,
*.^....@.........# , ,,,,^
....#########...# ** , , ...
#..HWyBs#...# ,,^,§
,#..#s#ss#...# #####,
{,,,.+...#.!.#...# ....#***
,.+.....[.#..## ###
#≈≈≈####*.,:.+...#.$.#...#####.##
#......###[ #..#.#[.#....##...^#


You could see Mara, a broodmother, an emperor scorpion, a jorogumo, a radroach,
a steelbarb worm (berserk, struggling), a spark wasp, a moth of wrath, a jumping
spider (berserk, struggling), a tarantella, a redback, ytrimaz's illusion and
Goxo's ghost.


Message History

The jumping spider pounces on you but does no damage.
The jumping spider bites you.
Mara hits you from afar with a +1 demon trident of venom.
Mara blinks!
The jumping spider pounces on you. The jumping spider misses you.
The steelbarb worm hits you!!
Barbed spikes become lodged in your body. 😮 HP[-34] MP[-6]
You take 34 damage, and now have 151/223 hp.
You lost 6 mp, and now have 31/40 mp.
Unknown command.
Unknown command.
Casting: Statue Form (mildly dangerous; 2% risk of failure)
Confirm with . or Enter, or press ? or * to list all spells.
The ground around you becomes liquefied!
The jumping spider pounces on you but does no damage.
The jumping spider misses you. The jumping spider pounces on you!
You are caught in a web!
The jumping spider bites you but does no damage.
The steelbarb worm hits you!!
Barbed spikes become lodged in your body.
Mara hits you but does no damage.
Mara blinks!
The jumping spider closely misses you.
The jumping spider becomes momentarily stuck in the liquid earth.
The steelbarb worm hits you!!
* * * LOW HITPOINT WARNING * * *
Barbed spikes become lodged in your body.
Mara gestures.
Mara becomes momentarily stuck in the liquid earth. 😨 HP[-57] MP[-3]
You take 57 damage, and now have 94/223 hp.
MASSIVE DAMAGE!! (PAUSE)
You lost 3 mp, and now have 28/40 mp.
The web tears apart.
The jumping spider becomes momentarily stuck in the liquid earth.
The jumping spider bites you but does no damage.
The steelbarb worm hits you.
* * * LOW HITPOINT WARNING * * *
Barbed spikes become lodged in your body.
The jumping spider becomes momentarily stuck in the liquid earth.
The jumping spider bites you but does no damage.
The moth of wrath bites you but does no damage.
The steelbarb worm hits you!
* * * LOW HITPOINT WARNING * * *
Barbed spikes become lodged in your body.
The jumping spider closely misses you.
The jumping spider bites you but does no damage.
Mara becomes momentarily stuck in the liquid earth.
Ytrimaz's illusion liquefies the ground around itself!
The moth of wrath barely misses you.
The steelbarb worm hits you but does no damage.
The jumping spider pounces on you but does no damage.
The jumping spider closely misses you. Mara misses you. 😨 HP[-9]
You take 9 damage, and now have 85/223 hp.
Unknown command.
You scratch the steelbarb worm but do no damage.
The jumping spider barely misses you.
The jumping spider bites you but does no damage.
The steelbarb worm hits you but does no damage.
The moth of wrath bites you but does no damage.
The jumping spider completely misses you.
The jumping spider misses you.
Mara blinks! x2
The steelbarb worm becomes momentarily stuck in the liquid earth.
Mara becomes momentarily stuck in the liquid earth.
The moth of wrath misses you. 😨 HP[+2]
You regained 2 hp, and now have 87/223 hp.
You eviscerate the steelbarb worm!!!
The jumping spider pounces on you but does no damage.
The jumping spider closely misses you.
The steelbarb worm completely misses you.
The jumping spider pounces on you!
* * * LOW HITPOINT WARNING * * *
You are caught in a web!
The jumping spider barely misses you.
The steelbarb worm hits you but does no damage.
The jumping spider pounces on you but does no damage.
The jumping spider bites you but does no damage.
Mara blinks!
The moth of wrath bites you but does no damage. 😨 HP[-5] MP[+1]
You take 5 damage, and now have 82/223 hp.
The web tears apart.
The jumping spider misses you. The jumping spider barely misses you.
The steelbarb worm hits you!
* * * LOW HITPOINT WARNING * * *
Barbed spikes become lodged in your body.
The jumping spider pounces on you!
* * * LOW HITPOINT WARNING * * *
The jumping spider bites you but does no damage.
The steelbarb worm hits you!!
* * * LOW HITPOINT WARNING * * *
Barbed spikes become lodged in your body.
The moth of wrath bites you but does no damage.
Mara blinks!
The jumping spider barely misses you.
The jumping spider bites you but does no damage.
Mara blinks!
The steelbarb worm hits you!
* * * LOW HITPOINT WARNING * * *
Barbed spikes become lodged in your body.
The moth of wrath misses you. Ytrimaz's illusion hits you!!
You die...

Skill      XL: |  1  2  3  4  5  6  7  8  9 10 11 12 13 14 15 16 |
---------------+-------------------------------------------------+-----
Fighting       | 1 2 3 4 5 6 8 9 10 | 10.0
Unarmed Combat | 4 5 6 7 9 11 12 | 12.0
Earth Magic    | 2 5 7 9 11 13 | 13.5
Transmutations | 3 6 7 8 10 11 | 11.5
Spellcasting   | 3 5 6 7 8 |  8.7
Dodging        | 2 4 7 9 |  9.7
Evocations     | 4 |  4.7

Action                     |  1- 3 |  4- 6 |  7- 9 | 10-12 | 13-15 | 16-18 || total
---------------------------+-------+-------+-------+-------+-------+-------++-------
  Melee: Unarmed           |   124 |   168 |   455 |   538 |   947 |   449 ||  2681
         Punch             |     1 |     4 |    22 |    47 |    89 |    38 ||   201
   Cast: Statue Form       |       |       |       |       |    76 |    45 ||   121
         Wereblood         |       |       |       |       |    17 |    12 ||    29
         Leda's Liquefacti |       |       |       |       |       |     9 ||     9
 Invoke: Curse Item        |       |       |     1 |     2 |     1 |     1 ||     5
  Evoke: Wand              |       |       |     5 |     9 |       |    19 ||    33
    Use: Potion            |     1 |       |     4 |     7 |     2 |     1 ||    15
         Scroll            |       |     4 |    10 |     6 |     2 |       ||    22
   Stab: Paralysed         |       |       |       |     2 |       |       ||     2
         Petrified         |       |       |       |       |     7 |       ||     7
 Armour: Robe              |    41 |    69 |    82 |       |    36 |    14 ||   242
         Skin              |       |       |     9 |     7 |   851 |   898 ||  1765
         Acid dragon scale |       |       |    72 |   152 |     9 |       ||   233
         Troll leather arm |       |       |       |       |    12 |       ||    12
  Dodge: Dodged            |    64 |    83 |   179 |   171 |   876 |   921 ||  2294

Levels and vault maps discovered:
D:1:      dpeg_chamrin_arrival_tetris, layout_basic, grunt_decor_mini_mirrors,
          kennysheep_another_room, minmay_surrounded
D:2:      layout_basic, basic_altar, serial_shops, nicolae_shop_stone,
          uniq_jessica, uniq_natasha
D:3:      layout_loops_ring, nicolae_overflow_crystal_walls, st_stairs_12
D:4:      layout_basic, nicolae_tso_carved_into_rock, grunt_qazlal_clouds,
          serial_shops, shop, nicolae_ossuary_entry_catacombs,
          dk_noncrumbling_4, uniq_robin
D:5:      layout_cave_pools, mainiacjoe_overflow_small_starburst, uniq_menkaure
D:6:      layout_loops_ring, mainiacjoe_overflow_catwalk_spiral,
          minmay_temple_entry_junction_2, uniq_crazy_yiuf_cottage, uniq_maggie,
          uniq_duvessa
D:7:      layout_loops_ring
D:8:      layout_loops_ring, mainiacjoe_overflow_catwalk, erik_lair_dragon
D:9:      layout_basic, nzn_overflow_gifts_of_might_and_magic, bloody_makhleb,
          nicolae_vehumet_radiance, minivault_25, hangedman_decor_push,
          columned_hall_lemuel
D:10:     layout_gridville, nicolae_elyvilon_peaceful_grove,
          mainiacjoe_overflow_paths, nemelex_spade_bored_becter,
          fungi_pond_lemuel, minmay_between
D:11:     minmay_firetagon, layout_cave_pods
D:12:     layout_cave_pools, uniq_lodul
D:13:     layout_gridville, serial_rivers, chequers_serial_rivers_large_a,
          chequers_serial_rivers_room_b, chequers_serial_rivers_marsh,
          chequers_serial_rivers_room_a, chequers_serial_rivers_micro_c,
          chequers_serial_rivers_micro_e
D:14:     layout_gridville, david_vaults_3, minivault_4
D:15:     grunt_enter_depths_magical_seal, layout_gridville,
          chequers_serial_rivers_room_b, dancing_weapons_uskayaw, uniq_nessos,
          uniq_roxanne, uniq_jorgrun, uniq_josephine
Temple:   hellmonk_temple_of_storms
Lair:1:   layout_layer_cave, enter_volcano_4, hellmonk_guarded_unrand_vines,
          grunt_megastairs_2, infiniplex_staircase_pool
Lair:2:   layout_roguey, spider_nest_entry_a, gammafunk_ghost_necromancy,
          nicolae_lair_grove_arrangements, uniq_sonja
Lair:3:   layout_chaotic_city, swamp_mist_pool, portal_ice_cave_demonic_guard,
          pdpol_lair_neglected_garden
Lair:4:   layout_gridlike
Lair:5:   grunt_lair_end_beastmaster, layout_long_grid,
          nicolae_slime_entry_slimehenge, serial_bayou_shore_b,
          grunt_megastairs_5
Spider:1: layout_spider_delve, special_room [special_room_bee],
          nicolae_spider_wall_of_niches
Spider:2: layout_spider_delve, nicolae_spider_shape,
          hangedman_spider_tarantella_strand
Spider:3: layout_spider_delve, gammafunk_ghost_split, nicolae_spider_orb_run,
          uniq_arachne, uniq_mara, uniq_aizul
Orc:1:    giant_chief_lemuel, layout_diamond_mine, basic_altar
Orc:2:    kennysheep_orc_mage_school, layout_caves, basic_altar, serial_shops,
          nicolae_shop_stone, uniq_urug

Notes
Turn   | Place    | Note
-------+----------+-------------------------------------------
     0 | D:1      | ytrimaz the Troll Transmuter began the quest for the Orb.
     0 | D:1      | Reached XP level 1. HP: 18/18 MP: 1/1
     0 | D:1      | magus.rc [v1.9.6]
    62 | D:1      | Reached skill level 1 in Fighting
    67 | D:1      | You pick up a book of Air and begin reading...
    67 | D:1      | You add the spells Shock, Swiftness and Airstrike to your
                  | library.
   243 | D:1      | Reached XP level 2. HP: 23/27 MP: 2/2
   494 | D:1      | Reached skill level 2 in Fighting
   506 | D:1      | Reached XP level 3. HP: 35/35 MP: 3/3
  1124 | D:2      | Found Ipuomm's Armour Shoppe.
  1204 | D:2      | Reached XP level 4. HP: 44/44 MP: 4/4
  1240 | D:2      | Found a sparkling altar of Nemelex Xobeh.
  1291 | D:2      | Noticed Jessica
  1291 | D:2      | Noticed Natasha
  1300 | D:2      | Killed Natasha
  1305 | D:2      | Killed Jessica
  1306 | D:2      | Reached skill level 3 in Fighting
  1321 | D:2      | Reached skill level 4 in Unarmed Combat
  1448 | D:2      | Noticed Natasha
  1459 | D:2      | Killed Natasha
  1460 | D:2      | Reached XP level 5. HP: 31/53 MP: 5/5
  1636 | D:2      | Noticed Natasha
  1641 | D:2      | Killed Natasha
  1866 | D:2      | HP: 13/53 [gnoll/+0 halberd (2)]
  1867 | D:2      | HP: 4/53 [gnoll/+0 halberd (10)]
  1962 | D:3      | Reached skill level 4 in Fighting
  2220 | D:3      | You pick up a book of the Senses and begin reading...
  2220 | D:3      | You add the spells Dazzling Flash, Agony and Silence to
                  | your library.
  2567 | D:3      | Found a blossoming altar of Fedhas.
  2698 | D:4      | Reached XP level 6. HP: 62/62 MP: 6/6
  2744 | D:4      | Found a stormy altar of Qazlal.
  3080 | D:4      | You pick up a book of Party Tricks and begin reading...
  3080 | D:4      | You add the spells Apportation and Alistair's Intoxication
                  | to your library.
  3085 | D:4      | Found Juukauwk's Distillery.
  3113 | D:4      | Found a sand-covered staircase.
  3131 | D:4      | Reached skill level 5 in Unarmed Combat
  3141 | D:4      | Reached skill level 5 in Fighting
  3157 | D:4      | Reached XP level 7. HP: 72/72 MP: 7/7
  3163 | Ossuary  | Entered an ossuary
  3453 | D:4      | Found a glowing golden altar of the Shining One.
  3500 | D:4      | Reached skill level 6 in Fighting
  3659 | D:4      | Noticed Robin
  3690 | D:4      | Killed Robin
  3915 | D:4      | Reached skill level 6 in Unarmed Combat
  3993 | D:5      | Entered Level 5 of the Dungeon
  3993 | D:5      | Found an iron altar of Okawaru.
  4012 | D:5      | Reached XP level 8. HP: 78/84 MP: 8/8
  4198 | D:5      | Identified the +7 hand axe "Lynomep" {venom, Int+2}
  4403 | D:5      | Noticed Menkaure
  4428 | D:5      | Killed Menkaure
  4429 | D:5      | Reached skill level 7 in Fighting
  4662 | D:6      | Found a staircase to the Ecumenical Temple.
  4780 | Temple   | Entered the Ecumenical Temple
  4857 | D:6      | Reached skill level 7 in Unarmed Combat
  4968 | D:6      | Noticed Maggie
  4974 | D:6      | Noticed Duvessa
  4987 | D:6      | Noticed Dowan
  4993 | D:6      | HP: 12/87 [Maggie/bolt of fire (15)]
  4999 | D:6      | Killed Maggie
  5000 | D:6      | Reached skill level 8 in Fighting
  5004 | D:6      | Killed Duvessa
  5005 | D:6      | Reached XP level 9. HP: 47/96 MP: 9/9
  5011 | D:6      | Killed Dowan
  5337 | D:6      | Found a hide-covered altar of Uskayaw.
  5341 | D:6      | Found a broken altar of Ashenzari.
  5539 | D:6      | Found a runed translucent door.
  5540 | D:6      | Noticed Crazy Yiuf
  5661 | D:6      | Became a worshipper of Ashenzari the Shackled
  6058 | D:7      | Learned a level 2 spell: Wereblood
  6418 | D:8      | Reached skill level 8 in Unarmed Combat
  6518 | D:8      | Found an ornate altar of the Wu Jian Council.
  6540 | D:8      | You pick up a book of the Earth and begin reading...
  6540 | D:8      | You add the spells Leda's Liquefaction, Lee's Rapid
                  | Deconstruction and Statue Form to your library.
  6554 | D:8      | Reached skill level 9 in Fighting
  6562 | D:8      | Learned a level 6 spell: Statue Form
  6683 | D:8      | Noticed a komodo dragon
  6687 | D:8      | Killed a komodo dragon
  6688 | D:8      | Reached skill level 1 in Earth Magic
  6701 | D:8      | Found a staircase to the Lair.
  6704 | D:8      | Noticed a komodo dragon
  6712 | D:8      | Killed a komodo dragon
  6729 | D:8      | Reached skill level 2 in Earth Magic
  7237 | D:9      | Reached skill level 9 in Unarmed Combat
  7300 | D:9      | Reached XP level 10. HP: 107/107 MP: 10/10
  7411 | D:9      | Identified the amulet "Xit God" {Faith -Tele rCorr Int+5}
  7415 | D:9      | Identified the +10 spear of Courage {venom, MP+9}
  7523 | D:9      | Noticed a cyclops
  7530 | D:9      | Killed a cyclops
  7560 | D:9      | Found a shimmering blue altar of Sif Muna.
  7573 | D:9      | You add the spells Foxfire, Summon Small Mammal and Call
                  | Imp to your library.
  7573 | D:9      | Got Sif Muna's Volume of the Assistive Bonfire
  7578 | D:9      | Found a bloodstained altar of Trog.
  7584 | D:9      | HP: 20/110 [troll (8)]
  7585 | D:9      | HP: 5/110 [troll (7)]
  7658 | D:9      | Found a radiant altar of Vehumet.
  7704 | D:9      | Found a burning altar of Makhleb.
  7738 | D:9      | You pick up a book of Power and begin reading...
  7738 | D:9      | You add the spells Iskenderun's Battlesphere, Iron Shot and
                  | Spellforged Servitor to your library.
  7818 | D:9      | Reached skill level 10 in Fighting
  7818 | D:9      | Reached skill level 3 in Earth Magic
  8149 | D:10     | Entered Level 10 of the Dungeon
  8287 | D:10     | Noticed a two-headed ogre
  8292 | D:10     | Killed a two-headed ogre
  8293 | D:10     | Reached skill level 10 in Unarmed Combat
  8382 | D:10     | Found a shimmering altar of Xom.
  8483 | D:10     | Noticed a two-headed ogre
  8487 | D:10     | Reached skill level 4 in Earth Magic
  8496 | D:10     | Killed a two-headed ogre
  8501 | D:10     | Reached skill level 11 in Unarmed Combat
  8680 | D:10     | Found a sparkling altar of Nemelex Xobeh.
  8806 | D:10     | Noticed a two-headed ogre
  8818 | D:10     | Killed a two-headed ogre
  8856 | D:10     | Found a white marble altar of Elyvilon.
  8857 | D:10     | Reached * piety under Ashenzari
  8921 | D:11     | Noticed a smoke demon
  8921 | D:11     | Noticed a fire dragon
  8957 | D:11     | Killed a smoke demon
  8958 | D:11     | Reached skill level 5 in Earth Magic
  8958 | D:11     | Reached XP level 11. HP: 100/119 MP: 12/12
  9042 | D:11     | Killed a fire dragon
  9044 | D:11     | Found the +7 great mace "Firestarter" {flame, immolate,
                  | rFlCloud rF++}
  9078 | D:11     | You pick up a book of Flames and begin reading...
  9078 | D:11     | You add the spells Inner Flame, Sticky Flame and Flame Wave
                  | to your library.
  9080 | D:11     | You add the spells Ignite Poison and Ignition to your
                  | library.
  9082 | D:11     | You pick up a book of Fire and begin reading...
  9082 | D:11     | You add the spells Fireball, Plasma Beam and Starburst to
                  | your library.
  9186 | D:11     | Reached skill level 12 in Unarmed Combat
  9246 | D:11     | Reached skill level 6 in Earth Magic
  9265 | D:11     | Identified the +4 dagger "Liach" {protect, Str+2 Dex+2}
  9270 | D:11     | Found a staircase to the Orcish Mines.
  9577 | D:11     | Reached skill level 2 in Transmutations
  9632 | D:11     | Noticed a two-headed ogre
  9651 | D:11     | Killed a two-headed ogre
  9652 | D:11     | Reached skill level 2 in Spellcasting
  9936 | D:11     | Noticed a boulder beetle
  9949 | D:11     | Killed a boulder beetle
  9950 | D:11     | Reached skill level 7 in Earth Magic
 10015 | D:12     | Identified a scroll of acquirement
 10016 | D:12     | Noticed a two-headed ogre
 10022 | D:12     | Noticed Lodul
 10031 | D:11     | Reached skill level 3 in Transmutations
 10067 | Orc:1    | Entered Level 1 of the Orcish Mines
 10093 | Orc:1    | Reached ** piety under Ashenzari
 10260 | Orc:1    | Noticed an ettin
 10271 | Orc:1    | Killed an ettin
 10396 | Orc:1    | Noticed an ettin
 10416 | Orc:1    | Killed an ettin
 10417 | Orc:1    | Reached skill level 3 in Spellcasting
 10484 | Orc:1    | Reached XP level 12. HP: 66/130 MP: 17/17
 10487 | Orc:1    | Reached skill level 4 in Transmutations
 10568 | Orc:1    | HP: 30/130 [cyclops (28)]
 10570 | Orc:1    | HP: 13/130 [cyclops (20)]
 10573 | Orc:1    | Reached skill level 8 in Earth Magic
 10802 | Orc:1    | Noticed a stone giant
 10823 | Orc:1    | Killed a stone giant
 10824 | Orc:1    | Reached skill level 4 in Spellcasting
 10912 | Orc:1    | Reached skill level 5 in Transmutations
 10936 | Orc:1    | HP: 11/130 [stone giant zombie (32)]
 10936 | Orc:1    | HP: 1/130 [cyclops (10)]
 11270 | Orc:1    | Found the +5 demon whip "Spellbinder" {antimagic, disrupt,
                  | Will+}
 11271 | Orc:1    | Identified the +5 scimitar "Poephu Tiak" {chaos, Dex+5}
 11384 | Orc:2    | Entered Level 2 of the Orcish Mines
 11447 | Orc:2    | Reached skill level 9 in Earth Magic
 11659 | Orc:2    | Found Teciq's Weapon Shop.
 11665 | Orc:2    | Found a staircase to the Elven Halls.
 11992 | Orc:2    | Found Hairosk's Book Shop.
 11992 | Orc:2    | Noticed an ogre mage
 12026 | Orc:2    | Killed an ogre mage
 12125 | Orc:2    | Found a radiant altar of Vehumet.
 12130 | Orc:2    | Noticed Erolcha
 12148 | Orc:2    | Killed Erolcha
 12152 | Orc:2    | Reached skill level 5 in Spellcasting
 12207 | Orc:2    | Noticed an ogre mage
 12330 | Orc:2    | Reached skill level 6 in Transmutations
 12364 | Orc:2    | Found Boiz Pui's Antique Armour Boutique.
 12389 | Orc:2    | Found an ancient bone altar of Kikubaaqudgha.
 12485 | Orc:2    | Killed an ogre mage
 12486 | Orc:2    | Reached XP level 13. HP: 134/137 MP: 21/21
 12502 | Orc:2    | Found Attyin's Magic Scroll Shop.
 12506 | Orc:2    | Found Riuqan's Antique Armour Boutique.
 12669 | Orc:1    | Found a radiant altar of Vehumet.
 12928 | D:11     | HP: 31/136 [ogre/+0 giant club[Lodul] (9)]
 13089 | D:11     | HP: 33/137 [two-headed ogre/+0 giant club (17)]
 13274 | Lair:1   | Entered Level 1 of the Lair of Beasts
 13362 | Lair:1   | Reached skill level 10 in Earth Magic
 13464 | Lair:1   | Found the +1 robe of Vines {NoPotionHeal Regen++++}
 13563 | Lair:1   | You add the spells Olgreb's Toxic Radiance and Discord to
                  | your library.
 13571 | Lair:1   | Found a dark tunnel.
 13586 | Volcano  | Entered a volcano
 13764 | Volcano  | Identified the cursed +0 cloak "Bound Together" {Evo, Self}
                  | (You found it on level 9 of the Dungeon)
 13922 | Lair:1   | Reached skill level 7 in Transmutations
 13979 | Lair:1   | You fall into a shaft and drop 1 floor!
 14018 | Lair:2   | Reached skill level 11 in Earth Magic
 14062 | Lair:2   | Found a runed translucent gate.
 14062 | Lair:2   | Found a runed translucent gate.
 14062 | Lair:2   | Found a runed translucent gate.
 14063 | Lair:2   | Noticed patfeehan111222's ghost (journeyman DsBe)
 14063 | Lair:2   | Identified the +10 great sword of the Exiled Lives {freeze,
                  | +Blink Fly rN++}
 14243 | Lair:2   | Reached skill level 6 in Spellcasting
 14292 | Lair:2   | Found a hole to the Spider Nest.
 14341 | Lair:2   | Noticed Sonja
 14347 | Lair:2   | Killed Sonja
 15034 | Lair:3   | Found a frozen archway.
 15055 | IceCv    | Entered an ice cave
 15140 | IceCv    | Reached skill level 2 in Dodging
 15289 | IceCv    | Reached XP level 14. HP: 146/146 MP: 2/24
 15647 | Lair:3   | Found a staircase to the Swamp.
 15702 | Lair:3   | Reached skill level 12 in Earth Magic
 15711 | Lair:3   | HP: 45/189 [wyvern (9)]
 15787 | Spider:1 | Entered Level 1 of the Spider Nest
 16129 | Lair:3   | Reached skill level 3 in Dodging
 16620 | Lair:4   | Reached *** piety under Ashenzari
 16755 | Lair:4   | Reached skill level 8 in Transmutations
 16911 | Lair:4   | Reached skill level 4 in Dodging
 17072 | Lair:4   | Reached skill level 13 in Earth Magic
 17542 | Lair:5   | Entered Level 5 of the Lair of Beasts
 17552 | Lair:5   | Reached skill level 7 in Spellcasting
 17708 | Lair:5   | Found a staircase to the Slime Pits.
 17894 | Lair:5   | You add the spells Summon Forest, Eringya's Noxious Bog and
                  | Summon Hydra to your library.
 17976 | Lair:5   | Reached XP level 15. HP: 154/154 MP: 19/26
 18263 | Lair:5   | Reached skill level 5 in Dodging
 18376 | Lair:5   | Found the +10 morningstar "Eos" {elec, Halo rElec}
 18651 | Lair:5   | Reached skill level 9 in Transmutations
 18699 | Lair:5   | Identified the +1 chain mail of the Snake Pit {rF+ rC+}
 19745 | D:12     | Reached skill level 6 in Dodging
 19927 | D:12     | Killed Lodul
 21310 | D:13     | Reached skill level 8 in Spellcasting
 21602 | D:13     | magus.rc [v1.9.6]
 21634 | D:14     | Noticed Urug
 21634 | D:14     | Noticed Rupert
 21634 | D:14     | Found a gate to the Vaults.
 21713 | D:13     | Killed Rupert
 21754 | D:14     | Killed Urug
 21755 | D:14     | Reached skill level 7 in Dodging
 21759 | D:14     | Reached skill level 10 in Transmutations
 21936 | D:14     | Reached XP level 16. HP: 163/163 MP: 24/28
 22050 | D:14     | You pick up a book of Dreams and begin reading...
 22050 | D:14     | You add the spells Ensorcelled Hibernation and Anguish to
                  | your library.
 22311 | D:14     | Found the +3 hat of Pondering {ponderous, Will+ MP+10
                  | Int+5}
 22486 | D:15     | Entered Level 15 of the Dungeon
 22499 | D:15     | Noticed Josephine
 22503 | D:15     | Killed Josephine
 22570 | D:15     | Noticed Roxanne
 22918 | D:15     | Noticed Nessos
 22925 | D:15     | Killed Nessos
 23130 | D:15     | Found a hide-covered altar of Uskayaw.
 23171 | D:15     | Noticed Jorgrun
 23183 | D:15     | Killed Jorgrun
 23448 | D:15     | Found a staircase to the Depths.
 23565 | D:15     | Killed Roxanne
 23919 | Spider:1 | Reached skill level 11 in Transmutations
 24026 | Spider:1 | Reached skill level 8 in Dodging
 24382 | Spider:1 | HP: 49/211 [killer bee (5)]
 24388 | Spider:1 | HP: 46/211 [killer bee (6)]
 24515 | Spider:1 | You pick up a book of Minor Magic and begin reading...
 24515 | Spider:1 | You add the spells Magic Dart and Mephitic Cloud to your
                  | library.
 24572 | Spider:1 | Reached skill level 1 in Evocations
 25447 | Spider:2 | Reached **** piety under Ashenzari
 25679 | Spider:2 | Reached skill level 2 in Evocations
 26225 | Spider:3 | Noticed Arachne
 26252 | Spider:2 | Learned a level 4 spell: Leda's Liquefaction
 26277 | Spider:3 | Killed Arachne
 26278 | Spider:3 | Reached skill level 3 in Evocations
 26279 | Spider:3 | Reached skill level 9 in Dodging
 26532 | Spider:3 | Reached skill level 4 in Evocations
 26614 | Spider:3 | Found a runed translucent gate.
 26631 | Spider:3 | Reached XP level 17. HP: 93/172 MP: 30/30
 26633 | Spider:3 | Found a runed translucent gate.
 26635 | Spider:3 | Noticed Goxo's ghost (adept OpCj)
 26689 | Spider:3 | Identified the +0 pair of boots "Qofiphous" {rPois rN+
                  | Regen+}
 26783 | Spider:3 | Found the dreamshard necklace {*Dream Drain}
 26791 | Spider:3 | Found a runed translucent gate.
 26797 | Spider:3 | Noticed Mara
 26803 | Spider:3 | Noticed ytrimaz's illusion
 26808 | Spider:3 | HP: 32/223 [steelbarb worm (33)]
 26808 | Spider:3 | Slain by ytrimaz's illusion (illusionary)

Vanquished Creatures
  Arachne (Spider:3)
  Rupert (D:13)
  Jorgrun (D:15)
  Roxanne (D:15)
  2 emperor scorpions
  A ghost moth (Spider:2)
  A stone giant (Orc:1)
  Nessos (D:15)
  A spark wasp (Spider:3)
  2 ettins (Orc:1)
  An entropy weaver (shapeshifter) (D:13)
  3 entropy weavers
  A fire dragon (D:11)
  Josephine (D:15)
  An ice dragon (IceCv)
  Erolcha (Orc:2)
  4 hydras
  3 catoblepae
  2 jorogumos
  2 ogre magi (Orc:2)
  4 boulder beetles
  A dancing weapon (Volcano)
  7 two-headed ogres
  3 centaur warriors
  2 tengu warriors
  Urug (D:14)
  6 radroaches (Spider:3)
  A deep troll shaman (Lair:5)
  15 death yaks
  Sonja (Lair:2)
  8 skeletal warriors
  2 pharaoh ants (Spider:2)
  Lodul (D:12)
  A sun moth (Spider:1)
  6 orb spiders
  2 steelbarb worms (Spider:1)
  2 orc knights
  A necromancer (D:15)
  2 lindwurms (Lair:5)
  3 wizards (Volcano)
  3 deep elf pyromancers
  2 oklob plants
  10 wolf spiders
  2 stone giant zombies (Orc:1)
  16 cyclopes
  15 ugly things
  4 manticores
  4 toenail golems (Volcano)
  4 moths of wrath
  20 elephants
  An elephant (shapeshifter) (D:15)
  7 orc sorcerers (Orc:2)
  2 naga magi (D:15)
  4 demonic crawlers
  A centaur zombie (D:15)
  Maggie (D:6)
  2 ice statues (IceCv)
  4 black mambas
  2 smoke demons (D:11)
  6 torpor snails
  17 cane toads
  A gargoyle (D:12)
  2 kobold demonologists
  8 rime drakes
  2 ice devils (Lair:3)
  10 komodo dragons
  A tengu conjurer (D:14)
  3 meliai (Spider:1)
  4 polar bears
  A queen bee (Spider:1)
  4 trolls
  A wolf spider simulacrum (D:15)
  19 tarantellas
  7 blink frogs
  19 dream sheep
  13 jumping spiders
  4 slime creatures (D:12)
  A shadow (D:11)
  A ynoxinul (D:9)
  16 culicivoras
  A fire bat (D:11)
  8 wraiths
  4 wyverns
  16 humans
  63 yaks
  3 fire elementals (D:11)
  6 basilisks
  13 redbacks
  7 vampire mosquitoes (D:13)
  A steam dragon (D:10)
  Menkaure (D:5)
  2 wargs (Orc:1)
  15 water moccasins
  4 acid dragons
  Duvessa (D:6)
  A meliai simulacrum (D:15)
  A black bear (Lair:3)
  14 orc warriors
  22 wolves
  15 ogres
  9 centaurs
  2 cyclops zombies (Orc:1)
  6 bullfrogs
  3 elf skeletons (D:4)
  3 scorpions
  4 water moccasin zombies (Ossuary)
  Dowan (D:6)
  23 killer bees
  2 lindwurm simulacra (IceCv)
  3 electric eels
  6 komodo dragon simulacra (IceCv)
  2 human zombies (D:4)
  A hound (D:6)
  3 jellies
  8 orc priests
  Jessica (D:2)
  A gnoll bouda (D:7)
  37 orc wizards
  Natasha (thrice) (D:2)
  4 iguanas
  A boggart skeleton (D:15)
  2 mummies (Ossuary)
  Robin (D:4)
  16 gnolls
  7 acid dragon simulacra (IceCv)
  9 adders
  An ufetubus (D:4)
  6 steam dragon simulacra (IceCv)
  6 adder zombies (Ossuary)
  2 worms (D:2)
  4 dart slugs
  58 orcs
  11 endoplasms
  7 giant cockroaches
  2 gnoll zombies (Ossuary)
  16 goblins
  16 hobgoblins
  4 jackals (D:1)
  5 quokkas
  9 ball pythons
  3 bats
  3 frilled lizards
  6 hobgoblin zombies (Ossuary)
  5 kobolds
  4 kobold zombies (Ossuary)
  3 orc zombies
  5 rats
876 creatures vanquished.

Vanquished Creatures (others)
  A butterfly (D:10)
1 creature vanquished.

Grand Total: 877 creatures vanquished

Table legend:
 A = Non-vault XP
 B = Vault XP
 C = Vault XP percentage of total XP
 D = Non-vault monster count
 E = Vault monster count
 F = Vault count percentage of total count
                 A         B        C        D         E       F
            +---------+---------+-------+---------+---------+-------
      Total |  136579 |   85614 |  38.5 |     575 |     301 |  34.4
            +---------+---------+-------+---------+---------+-------
        D:1 |      44 |       5 |  10.2 |      25 |       4 |  13.8
        D:2 |     182 |      73 |  28.6 |      26 |       3 |  10.3
        D:3 |      57 |      14 |  19.7 |      18 |       1 |   5.3
        D:4 |     303 |     362 |  54.4 |      18 |      19 |  51.4
        D:5 |     497 |     169 |  25.4 |      20 |       1 |   4.8
        D:6 |     384 |     649 |  62.8 |      11 |       3 |  21.4
        D:7 |     298 |       0 |   0.0 |      21 |       0 |   0.0
        D:8 |     557 |    1254 |  69.2 |      14 |       5 |  26.3
        D:9 |    1409 |     513 |  26.7 |      16 |       2 |  11.1
       D:10 |    3183 |     454 |  12.5 |      14 |       4 |  22.2
       D:11 |    6348 |    2495 |  28.2 |      19 |       8 |  29.6
       D:12 |    7992 |    1488 |  15.7 |      21 |       7 |  25.0
       D:13 |    7933 |    4539 |  36.4 |      25 |      12 |  32.4
       D:14 |    7776 |    2756 |  26.2 |      13 |       8 |  38.1
       D:15 |    8142 |    9935 |  55.0 |      13 |      18 |  58.1
     Lair:1 |    5865 |    3082 |  34.4 |      24 |       5 |  17.2
     Lair:2 |    5511 |    1375 |  20.0 |      15 |       4 |  21.1
     Lair:3 |   12609 |     702 |   5.3 |      55 |       2 |   3.5
     Lair:4 |   17242 |       0 |   0.0 |      44 |       0 |   0.0
     Lair:5 |   14911 |   10227 |  40.7 |      49 |      24 |  32.9
   Spider:1 |   10478 |    5624 |  34.9 |      28 |      31 |  52.5
   Spider:2 |    6283 |    3944 |  38.6 |      15 |       9 |  37.5
   Spider:3 |   15006 |    9384 |  38.5 |      39 |      11 |  22.0
      Orc:1 |    2564 |   10862 |  80.9 |      16 |      24 |  60.0
      Orc:2 |    1005 |    6872 |  87.2 |      16 |      34 |  68.0
    Ossuary |       0 |     386 | 100.0 |       0 |      26 | 100.0
      IceCv |       0 |    3753 | 100.0 |       0 |      28 | 100.0
    Volcano |       0 |    4697 | 100.0 |       0 |       8 | 100.0
            +---------+---------+-------+---------+---------+-------

Skill      XL: |  1  2  3  4  5  6  7  8  9 10 11 12 13 14 15 16 |
---------------+-------------------------------------------------+-----
Fighting       | 1 2 3 4 5 6 8 9 10 | 10.0
Unarmed Combat | 4 5 6 7 9 11 12 | 12.0
Earth Magic    | 2 5 7 9 11 13 | 13.5
Transmutations | 3 6 7 8 10 11 | 11.5
Spellcasting   | 3 5 6 7 8 |  8.7
Dodging        | 2 4 7 9 |  9.7
Evocations     | 4 |  4.7

Action                     |  1- 3 |  4- 6 |  7- 9 | 10-12 | 13-15 | 16-18 || total
---------------------------+-------+-------+-------+-------+-------+-------++-------
  Melee: Unarmed           |   124 |   168 |   455 |   538 |   947 |   449 ||  2681
         Punch             |     1 |     4 |    22 |    47 |    89 |    38 ||   201
   Cast: Statue Form       |       |       |       |       |    76 |    45 ||   121
         Wereblood         |       |       |       |       |    17 |    12 ||    29
         Leda's Liquefacti |       |       |       |       |       |     9 ||     9
 Invoke: Curse Item        |       |       |     1 |     2 |     1 |     1 ||     5
  Evoke: Wand              |       |       |     5 |     9 |       |    19 ||    33
    Use: Potion            |     1 |       |     4 |     7 |     2 |     1 ||    15
         Scroll            |       |     4 |    10 |     6 |     2 |       ||    22
   Stab: Paralysed         |       |       |       |     2 |       |       ||     2
         Petrified         |       |       |       |       |     7 |       ||     7
 Armour: Robe              |    41 |    69 |    82 |       |    36 |    14 ||   242
         Skin              |       |       |     9 |     7 |   851 |   898 ||  1765
         Acid dragon scale |       |       |    72 |   152 |     9 |       ||   233
         Troll leather arm |       |       |       |       |    12 |       ||    12
  Dodge: Dodged            |    64 |    83 |   179 |   171 |   876 |   921 ||  2294

Illustrated notes

Table legend:
 A = Kills in this place as a percentage of kills in the entire game.
 B = Kills by you in this place as a percentage of kills by you in the entire game.
 C = Kills by friends in this place as a percentage of kills by friends in the entire game.
 D = Other kills in this place as a percentage of other kills in the entire game.
 E = Experience gained in this place as a percentage of experience gained in the entire game.
 F = Experience gained in this place divided by the number of levels of this place that you have seen.
                   A       B       C       D       E      F
               +-------+-------+-------+-------+-------+----------------------
         Total | 100.0 | 100.0 |   N/A |   N/A | 100.0 | 7661.8
       Dungeon |  42.1 |  42.1 |   N/A |   N/A |  31.4 | 4654.1
          Lair |  25.3 |  25.3 |   N/A |   N/A |  32.2 | 14304.8
   Spider Nest |  15.2 |  15.2 |   N/A |   N/A |  22.8 | 16906.3
  Orcish Mines |  10.3 |  10.3 |   N/A |   N/A |   9.6 | 10651.5
       Ossuary |   3.0 |   3.0 |   N/A |   N/A |   0.2 | 386.0
      Ice Cave |   3.2 |   3.2 |   N/A |   N/A |   1.7 | 3753.0
       Volcano |   0.9 |   0.9 |   N/A |   N/A |   2.1 | 4697.0
               +-------+-------+-------+-------+-------+----------------------

Table legend: (Time is in decaauts)
 A = Elapsed time spent in this place.
 B = Non-inter-level travel time spent in this place.
 C = Inter-level travel time spent in this place.
 D = Time resting spent in this place.
 E = Time spent auto-exploring this place.
 F = Levels seen in this place.
 G = Mean time per level.
                   A        B        C        D        E       F      G
               +--------+--------+--------+--------+--------+-----+--------+
         Total |  29053 |  27247 |   1806 |    842 |  19686 |  29 | 1001.8 |
       Dungeon |  15066 |  13846 |   1220 |    464 |  10512 |  15 | 1004.4 |
        Temple |     40 |     34 |      6 |      0 |     27 |   1 |   40.0 |
          Lair |   6336 |   5975 |    361 |     49 |   4396 |   5 | 1267.2 |
   Spider Nest |   3737 |   3636 |    101 |      9 |   2695 |   3 | 1245.7 |
  Orcish Mines |   2739 |   2622 |    117 |    271 |   1469 |   2 | 1369.5 |
       Ossuary |    208 |    208 |      0 |      0 |     77 |   1 |  208.0 |
      Ice Cave |    661 |    661 |      0 |     24 |    411 |   1 |  661.0 |
       Volcano |    263 |    263 |      0 |     24 |     99 |   1 |  263.0 |
               +--------+--------+--------+--------+--------+-----+--------+

Top non-repeatable levels by time:
Spider:2: 1649 daAuts
  Lair:5: 1604 daAuts
   Orc:1: 1526 daAuts
    D:15: 1508 daAuts
    D:11: 1414 daAuts
    D:13: 1390 daAuts
Spider:1: 1306 daAuts
  Lair:1: 1261 daAuts
  Lair:3: 1243 daAuts
   Orc:2: 1213 daAuts
  Lair:2: 1158 daAuts
     D:4: 1107 daAuts
     D:6: 1095 daAuts
  Lair:4: 1069 daAuts
     D:8: 995 daAuts
